 Dungeon Crawl Stone Soup version 0.22-a0-419-g492bfec (webtiles) character file.

3665 Mgcat the Fighter (level 10, -2/96 HPs)
             Began as a Ghoul Fighter on May 15, 2018.
             Was a Follower of Makhleb.
             Slain by a death yak (8 damage)
             ... on level 8 of the Dungeon.
             The game lasted 00:13:52 (7404 turns).

Mgcat the Fighter (Ghoul Fighter)                   Turns: 7404, Time: 00:13:53

Health: -2/96      AC: 15    Str: 21    XL:     10   Next: 12%
Magic:  9/9        EV:  6    Int:  9    God:    Makhleb [*.....]
Gold:   381        SH:  8    Dex:  8    Spells: 9/9 levels left

rFire    . . .     SeeInvis .     - Unarmed
rCold    + . .     Gourm    .   b - +0 shield
rNeg     + + +     Faith    .   l - +0 plate armour
rPois    ∞         Spirit   .   c - +2 helmet {Int+3}
rElec    .         Reflect  .   (no cloak)
rCorr    .         Harm     .   e - +0 pair of gloves
MR       .....                  (no boots)
Stlth    ..........             (no amulet)
HPRegen  0.00/turn              g - +3 ring of evasion
MPRegen  0.11/turn              (no ring)

@: rotting
A: rotting body, claws 1, carnivore, cold resistance 1, negative energy
resistance 3, inhibited regeneration, torment resistance, unbreathing
a: Renounce Religion


You were on level 8 of the Dungeon.
You worshipped Makhleb.
Makhleb was aware of your devotion.
You were not hungry.

You visited 1 branch of the dungeon, and saw 8 of its levels.

You collected 381 gold pieces.

Inventory:

Armour
 b - a +0 shield (worn)
 c - a +2 helmet of intelligence (worn)
   (You found it on level 3 of the Dungeon)
 e - a +0 pair of gloves (worn)
   (You found it on level 7 of the Dungeon)
 l - a +0 plate armour (worn)
   (You found it on level 1 of the Dungeon)
Jewellery
 g - a +3 ring of evasion (left hand)
   (You found it on level 1 of the Dungeon)
Scrolls
 f - 4 scrolls of remove curse
 i - 7 scrolls of identify
 s - a scroll of teleportation
 v - 2 scrolls of magic mapping {!r}
Potions
 a - a potion of magic {unknown}
 r - 2 potions of agility
 u - a potion of degeneration {unknown}
 z - a potion of flight {unknown}
Comestibles
 d - 10 rations
 h - 3 chunks of flesh {@w0}


   Skills:
 + Level 11.3 Fighting
 - Level 2.6 Armour
 - Level 2.6 Shields
 + Level 11.1 Unarmed Combat


You had 9 spell levels left.
You didn't know any spells.
Your spell library contained the following spells:

 Spells                   Type           Power        Failure   Level  Hunger
 Apportation              Tloc           #.....       100%        1    ##.....
 Portal Projectile        Hex/Tloc       #.....       100%        3    ####...
 Summon Forest            Summ/Tloc      #.........   100%        5    ######.
 Lesser Beckoning         Tloc           #.........   100%        3    ####...


Dungeon Overview and Level Annotations

Branches:
Dungeon (8/15)             Temple (0/1) D:6
   Lair: D:8-11

Altars:
Makhleb
Yredelemnul

Annotations:
D:4 1 runed door


Innate Abilities, Weirdness & Mutations

Your body is rotting away.
You thrive on raw meat.
You are immune to poison.
You have sharp fingernails.
You are carnivorous and can eat meat at any time.
Your flesh is cold resistant. (rC+)
You are immune to negative energy. (rN+++)
You do not regenerate when monsters are visible.
You are immune to unholy pain and torment.
You can survive without breathing.


Message History

No target in view!
Things that are here:
a whip; a gnoll corpse You butcher the gnoll corpse.
h - 3 chunks of flesh {@w0} You see here a whip. x2
Done exploring.
Done exploring.
Done exploring.
Done exploring.
There is a stone staircase leading down here.
Things that are here:
a robe; a dagger
There is a stone staircase leading down here.
You climb downwards.
There is a stone staircase leading up here.
Found a stone staircase leading down.
A crocodile comes into view.
A hippogriff comes into view.
The hippogriff screeches!
You hear a shout! x2
A yak comes into view.
The yak bellows!
You hear a shout!
You hear an angry growl.
You punch the crocodile!
The crocodile is moderately wounded.
The crocodile bites you!
You hit the crocodile.
The crocodile is heavily wounded.
The crocodile barely misses you.
You closely miss the crocodile.
The crocodile is heavily wounded.
The crocodile bites you!
You are too injured to fight recklessly!
You are too injured to fight recklessly!
You are too injured to fight recklessly!
You are too injured to fight recklessly!
You punch the crocodile!
The crocodile is almost dead.
You block the crocodile's attack.
A death yak comes into view.
Your shield and plate armour prevent you from hitting the crocodile.
The crocodile is almost dead.
The death yak bellows!
You hear an angry hiss.
The crocodile closely misses you.
You hit the crocodile.
The crocodile is almost dead.
You punch the crocodile!
You kill the crocodile!
Makhleb accepts your kill.
You barely miss the hippogriff. You hit the hippogriff.
The hippogriff is lightly wounded.
The hippogriff bites you but does no damage.
The hippogriff pecks you but does no damage.
The hippogriff closely misses you.
You punch the hippogriff!
The hippogriff is heavily wounded.
You block the hippogriff's attack. The hippogriff barely misses you.
The hippogriff claws you but does no damage.
You closely miss the hippogriff.
The hippogriff is heavily wounded.
You block the hippogriff's attack. The hippogriff pecks you.
The hippogriff claws you.
Your plate armour prevents you from hitting the hippogriff.
The hippogriff is heavily wounded.
You hit the death yak but do no damage. You punch the death yak!
The death yak is lightly wounded.
The death yak barely misses you.
You hit the death yak but do no damage.
The death yak is lightly wounded.
You block the death yak's attack.
You hit the death yak.
The death yak is lightly wounded.
The death yak gores you!
You pummel the death yak!!
The death yak is moderately wounded.
You block the death yak's attack.
You hit the death yak.
The death yak is heavily wounded.
The death yak gores you but does no damage.
You punch the death yak!
The death yak is heavily wounded.
The death yak gores you but does no damage.
Your shield and plate armour prevent you from hitting the death yak.
The death yak is heavily wounded.
You punch the death yak!
The death yak is severely wounded.
The death yak gores you!
You pummel the death yak!!
The death yak is almost dead.
The death yak gores you!
* * * LOW HITPOINT WARNING * * *
You hit the death yak.
The death yak is almost dead.
The death yak gores you!!
* * * LOW HITPOINT WARNING * * *
There is a stone staircase leading up here.
The death yak gores you!
You die...

%#...... .#
# #......
#####.#
#....##
#...#.#
#...#.#
####...#.##
#.........#
#.........#
#......@..#
####..Y####
#..H#
#..Y######
##.......##
#........#
#..####..###
#....†Y....#
##.####..#.#


You could see a death yak, a hippogriff and a yak.

Vanquished Creatures
  A two-headed ogre (D:7)
  The ghost of Steelmeadow the Skirmisher, an amateur DsWn (D:5)
  Sigmund (D:5)
  Edmund (D:5)
  Duvessa (D:5)
  A water moccasin (D:7)
  Purgy (D:3)
  A sky beast (D:7)
  2 black bears
  A centaur (D:6)
  An ogre (D:5)
  A crocodile (D:8)
  Blork the orc (D:5)
  3 bullfrogs
  Dowan (D:5)
  A wyvern skeleton (D:6)
  A scorpion (D:6)
  5 killer bees
  9 wights
  2 howler monkeys (D:7)
  2 crimson imps
  4 hounds
  A jelly (D:6)
  A centaur skeleton (D:4)
  A bullfrog skeleton (D:6)
  Jessica (D:3)
  An iguana (D:6)
  Natasha (D:2)
  3 orc wizards
  4 worker ants
  A killer bee zombie (D:5)
  5 adders
  A river rat (D:5)
  A white imp (D:7)
  An ooze (D:1)
  3 worms
  2 dart slugs
  3 leopard geckos
  8 orcs
  A ball python (D:5)
  3 giant cockroaches
  8 goblins
  8 hobgoblins
  4 jackals (D:4)
  5 bats
  7 frilled lizards
  6 kobolds
  A quokka zombie (D:7)
  10 rats
133 creatures vanquished.

Vanquished Creatures (others)
  A gnoll (D:7)
1 creature vanquished.

Grand Total: 134 creatures vanquished

Notes
Turn   | Place    | Note
-------+----------+-------------------------------------------
     0 | D:1      | Mgcat the Ghoul Fighter began the quest for the Orb.
     0 | D:1      | Reached XP level 1. HP: 19/19 MP: 0/0
   309 | D:1      | Reached XP level 2. HP: 26/26 MP: 1/1
   541 | D:1      | Reached skill level 3 in Unarmed Combat
   610 | D:1      | Reached XP level 3. HP: 25/33 MP: 2/2
   641 | D:1      | Reached skill level 4 in Fighting
  1033 | D:2      | Noticed Natasha
  1052 | D:2      | Killed Natasha
  1060 | D:2      | Reached XP level 4. HP: 11/41 MP: 3/3
  1780 | D:3      | Reached skill level 4 in Unarmed Combat
  1793 | D:3      | Noticed Purgy
  1800 | D:3      | HP: 8/41 [Purgy (4)]
  1823 | D:3      | HP: 10/41 [Purgy (5)]
  1828 | D:3      | Killed Purgy
  1828 | D:3      | Reached skill level 5 in Fighting
  1828 | D:3      | Reached XP level 5. HP: 31/48 MP: 4/4
  2007 | D:3      | Reached XP level 6. HP: 39/56 MP: 5/5
  2372 | D:3      | Noticed Jessica
  2374 | D:3      | Reached skill level 5 in Unarmed Combat
  2385 | D:3      | Killed Jessica
  2518 | D:3      | Found a faded altar of an unknown god.
  3070 | D:4      | Reached skill level 6 in Fighting
  3324 | D:4      | Found a runed door.
  3578 | D:5      | Entered Level 5 of the Dungeon
  3679 | D:5      | Noticed Edmund
  3679 | D:5      | Noticed Duvessa
  3680 | D:5      | Noticed Dowan
  3701 | D:5      | Killed Edmund
  3701 | D:5      | Reached XP level 7. HP: 55/64 MP: 6/6
  3705 | D:5      | Killed Duvessa
  3705 | D:5      | Reached skill level 6 in Unarmed Combat
  3720 | D:5      | Killed Dowan
  3816 | D:5      | Noticed Blork the orc
  3828 | D:5      | Killed Blork the orc
  3828 | D:5      | Reached skill level 7 in Fighting
  4098 | D:5      | Noticed Steelmeadow's ghost (amateur DsWn)
  4145 | D:5      | HP: 16/64 [Steelmeadow's ghost (8)]
  4153 | D:5      | Killed Steelmeadow's ghost
  4153 | D:5      | Reached skill level 7 in Unarmed Combat
  4153 | D:5      | Reached XP level 8. HP: 18/72 MP: 7/7
  4190 | D:5      | Noticed Sigmund
  4586 | D:5      | Killed Sigmund
  4586 | D:5      | Reached skill level 8 in Fighting
  4632 | D:5      | Found a basalt altar of Yredelemnul.
  4782 | D:5      | Reached skill level 8 in Unarmed Combat
  4801 | D:6      | Found a burning altar of Makhleb.
  4854 | D:6      | Became a worshipper of Makhleb the Destroyer
  4869 | D:6      | Found a staircase to the Ecumenical Temple.
  5112 | D:6      | Reached skill level 9 in Fighting
  5200 | D:6      | Reached XP level 9. HP: 75/83 MP: 8/8
  5292 | D:6      | Reached skill level 9 in Unarmed Combat
  5651 | D:7      | Identified the Disquisition on Supportive Dislocation
  5764 | D:7      | Reached skill level 10 in Fighting
  5883 | D:7      | Reached * piety under Makhleb
  5933 | D:7      | Reached skill level 10 in Unarmed Combat
  5948 | D:7      | Noticed a two-headed ogre
  6002 | D:7      | HP: 11/86 [two-headed ogre/giant club (17)]
  6736 | D:8      | HP: 18/86 [killer bee (4)]
  7085 | D:7      | Killed a two-headed ogre
  7085 | D:7      | Reached skill level 11 in Fighting
  7085 | D:7      | Reached XP level 10. HP: 30/96 MP: 9/9
  7293 | D:8      | Reached skill level 11 in Unarmed Combat
  7377 | D:8      | Noticed a death yak
  7395 | D:8      | HP: 6/96 [death yak (21)]
  7404 | D:8      | Slain by a death yak

Vault maps used:
D:1:      dpeg_arrival_orchard
D:2:      first_ration, uniq_natasha
D:3:      chequers_ecumenical_altar_lobes, uniq_jessica, uniq_purgy
D:4:      uniq_crazy_yiuf_cottage
D:5:      lemuel_coloured_pillars_altar, portal_sewer_entry_b, uniq_edmund,
          uniq_duvessa, uniq_sigmund, uniq_blork_the_orc
D:6:      minmay_temple_entry_from_below_a, dk_noncrumbling_3, bloody_makhleb
D:8:      david_lair_generic, serial_ice, serial_ice_g, serial_ice_b,
          serial_ice_n, serial_ice_j, serial_ice_e, uniq_joseph

Skill      XL: |  1  2  3  4  5  6  7  8  9 10 |
---------------+-------------------------------+-----
Unarmed Combat | 3 4 5 7 8 10 11 | 11.1
Fighting       | 4 5 6 7 9 11 | 11.3
Armour         | |  2.6
Shields        | |  2.6

Action                   |  1- 3 |  4- 6 |  7- 9 | 10-12 || total
-------------------------+-------+-------+-------+-------++-------
Melee: Unarmed           |    97 |   129 |   378 |    34 ||   638
  Use: Potion            |       |     4 |     1 |       ||     5
       Scroll            |       |     1 |     7 |       ||     8
  Eat: Chunk             |     5 |     9 |     9 |     1 ||    24
Armor: Scale mail        |    23 |    23 |       |       ||    46
       Plate armour      |       |    17 |   187 |    14 ||   218
Dodge: Dodged            |    33 |    44 |    87 |     6 ||   170
Block: Shield            |    39 |    53 |   150 |    11 ||   253

Table legend:
 A = Spawn XP
 B = Non-spawn XP
 C = Spawn XP percentage of total XP
 D = Spawn monster count
 E = Non-spawn monster count
 F = Spawn count percentage of total count
 G = Total turns spent on level
                    A         B        C        D         E        F      G
               +---------+---------+-------+---------+---------+-------+---------
         Total |       0 |    5236 |   0.0 |       0 |     134 |   0.0 |  7404
               +---------+---------+-------+---------+---------+-------+---------
           D:1 |       0 |      40 |   0.0 |       0 |      23 |   0.0 |   847
           D:2 |       0 |      75 |   0.0 |       0 |      15 |   0.0 |   733
           D:3 |       0 |     266 |   0.0 |       0 |      17 |   0.0 |  1110
           D:4 |       0 |      90 |   0.0 |       0 |       9 |   0.0 |   989
           D:5 |       0 |    1303 |   0.0 |       0 |      22 |   0.0 |  1138
           D:6 |       0 |     812 |   0.0 |       0 |      14 |   0.0 |  1444
           D:7 |       0 |    2077 |   0.0 |       0 |      24 |   0.0 |   954
           D:8 |       0 |     573 |   0.0 |       0 |      10 |   0.0 |   189
               +---------+---------+-------+---------+---------+-------+---------

Vault maps used:
D:1:      dpeg_arrival_orchard
D:2:      first_ration, uniq_natasha
D:3:      chequers_ecumenical_altar_lobes, uniq_jessica, uniq_purgy
D:4:      uniq_crazy_yiuf_cottage
D:5:      lemuel_coloured_pillars_altar, portal_sewer_entry_b, uniq_edmund,
          uniq_duvessa, uniq_sigmund, uniq_blork_the_orc
D:6:      minmay_temple_entry_from_below_a, dk_noncrumbling_3, bloody_makhleb
D:8:      david_lair_generic, serial_ice, serial_ice_g, serial_ice_b,
          serial_ice_n, serial_ice_j, serial_ice_e, uniq_joseph

Table legend:
 A = Turns spent in this place as a percentage of turns spent in the entire game.
 B = Non-inter-level travel turns spent in this place as a percentage of non-inter-level travel turns spent in the entire game.
 C = Inter-level travel turns spent in this place as a percentage of turns spent in this place.
 D = Turns resting spent in this place as a percentage of non-inter-level travel turns spent in this place.
 E = Turns spent auto-exploring this place as a percentage of non-inter-level travel turns spent in this place.
 F = Non-inter-level travel turns spent in this place divided by the number of levels of this place that you've seen.
                   A       B       C       D       E      F
               +-------+-------+-------+-------+-------+----------------------
         Total | 100.0 | 100.0 |   7.6 |   2.2 |  76.2 | 855.5
       Dungeon | 100.0 | 100.0 |   7.6 |   2.2 |  76.2 | 855.5
               +-------+-------+-------+-------+-------+----------------------

Table legend:
 A = Kills in this place as a percentage of kills in entire the game.
 B = Kills by you in this place as a percentage of kills by you in the entire game.
 C = Kills by friends in this place as a percentage of kills by friends in the entire game.
 D = Other kills in this place as a percentage of other kills in the entire game.
 E = Experience gained in this place as a percentage of experience gained in the entire game.
 F = Experience gained in this place divided by the number of levels of this place that you have seen.
                   A       B       C       D       E      F
               +-------+-------+-------+-------+-------+----------------------
         Total | 100.0 | 100.0 |   N/A | 100.0 | 100.0 | 654.5
       Dungeon | 100.0 | 100.0 |   N/A | 100.0 | 100.0 | 654.5
               +-------+-------+-------+-------+-------+----------------------
